 Dungeon Crawl Stone Soup version 0.30-a0-222-ge547ba4400 (webtiles) character file.

Game seed: 9509524792445826427

3 Decritt the Gusty (level 1, 10/17 HPs)
             Began as a Gnoll Wanderer on Oct 8, 2022.
             Quit the game on level 1 of the Dungeon.
             The game lasted 00:01:44 (213 turns).

Decritt the Gusty (Gnoll Wanderer)                   Turns: 213, Time: 00:01:45

Health: 10/17      AC:  3    Str:  9    XL:     1   Next: 50%
Magic:  0/4        EV: 12    Int:  9    God:
Gold:   42         SH:  0    Dex: 15    Spells: 4/5 levels left

rFire   . . .      SeeInvis .    a - +0 quarterstaff
rCold   . . .      Faith    .    (shield currently unavailable)
rNeg    . . .      Spirit   .    d - +0 robe
rPois   .          Reflect  .    (no helmet)
rElec   .          Harm     .    (no cloak)
rCorr   .          Rampage  .    b - +0 pair of gloves
Will    .....                    (no boots)
Stlth   +.........               (no amulet)
HPRegen 0.22/turn                (no ring)
MPRegen 0.09/turn                (no ring)

@: no status effects
A: fangs 1, strong nose, distributed training
a: no special abilities


You were on level 1 of the Dungeon.
You visited 1 branch of the dungeon, and saw 1 of its levels.

You collected 42 gold pieces.

Inventory:

Hand Weapons
 a - a +0 quarterstaff (weapon)
Armour
 b - a +0 pair of gloves (worn)
 d - a +0 robe (worn)
Scrolls
 c - a scroll of fog
 e - a scroll of identify {unknown}


   Skills:
 + Level 2.3 Fighting
 + Level 0.0 Short Blades
 + Level 0.0 Long Blades
 + Level 0.0 Axes
 + Level 0.0 Maces & Flails
 + Level 0.0 Polearms
 + Level 4.4 Staves
 + Level 0.0 Ranged Weapons
 + Level 0.0 Throwing
 + Level 2.3 Armour
 + Level 2.3 Dodging
 + Level 0.0 Stealth
 + Level 0.0 Shields
 + Level 0.0 Unarmed Combat
 + Level 2.6 Spellcasting
 + Level 0.0 Conjurations
 + Level 0.0 Hexes
 + Level 0.0 Summonings
 + Level 0.0 Necromancy
 + Level 0.0 Translocations
 + Level 0.0 Transmutations
 + Level 0.0 Fire Magic
 + Level 0.0 Ice Magic
 + Level 5.3 Air Magic
 + Level 0.0 Earth Magic
 + Level 0.0 Poison Magic
 + Level 0.1 Invocations
 + Level 2.3 Evocations


You had 4 spell levels left.
You knew the following spells:

 Your Spells              Type           Power      Damage    Failure   Level
a - Shock                 Conj/Air       24%        1d4       11%         1

Your spell library contained the following spells:

 Spells                   Type           Power      Damage    Failure   Level
 Static Discharge         Conj/Air       12%        2-3/arc   16%         2
 Cigotuvi's Dreadful Rot  Necr/Pois/Air  8%         N/A       22%         2


Dungeon Overview and Level Annotations

Branches:
Dungeon (1/15)

Altars:


Innate Abilities, Weirdness & Mutations

You have very sharp teeth.
Your uncanny sense of smell can sniff out nearby items.
Your experience applies equally to all skills.


Message History

Aiming: Shock (safe; 11% risk of failure)
Press: ? - help, Shift-Dir - straight line, f/p - worm
Aim: a worm (heavily wounded, 88% to hit)
The zap hits the worm.
The worm is heavily wounded.
You start resting.
A worm is nearby!
Casting: Shock (safe; 11% risk of failure)
Confirm with . or Enter, or press ? or * to list all spells.
Aiming: Shock (safe; 11% risk of failure)
Press: ? - help, Shift-Dir - straight line, f/p - worm
Aim: a worm (88% to hit)
The zap hits the worm.
The worm is lightly wounded.
You hit the worm but do no damage. The worm bites you!
* * * LOW HITPOINT WARNING * * *
Casting: Shock (safe; 11% risk of failure)
Confirm with . or Enter, or press ? or * to list all spells.
Aiming: Shock (safe; 11% risk of failure)
Press: ? - help, Shift-Dir - straight line, f/p - worm
Aim: a worm (88% to hit)
The zap hits the worm.
The worm is lightly wounded.
A worm is nearby!
Casting: Shock (safe; 11% risk of failure)
Confirm with . or Enter, or press ? or * to list all spells.
Aiming: Shock (safe; 11% risk of failure)
Press: ? - help, Shift-Dir - straight line, f/p - worm
Aim: a worm (88% to hit)
The zap hits the worm.
The worm is lightly wounded.
Casting: Shock (safe; 11% risk of failure)
Confirm with . or Enter, or press ? or * to list all spells.
Aiming: Shock (safe; 11% risk of failure)
Press: ? - help, Shift-Dir - straight line, f/p - worm
Aim: a worm (88% to hit)
The zap misses the worm.
Welcome back, Decritt the Gnoll Wanderer.
Press ? for a list of commands and other information.
Are you sure you want to abandon this character and quit the game? (Confirm with "yes".)

...##...#..)#..........##.
.†..........#.....#.......
..................#(......
..................###.....
.#............##.......####
...........................
.#.......................(#
.#.....######...##.####....######
.#...........w..@................
.#.............#.................
.#.............#.................
.#........######.................
##........# #^................
..........# #.................
.#.#.#....#### #.................
.....#........ ##...###......###.
####..........###...###........'.


You could see a worm.

Vanquished Creatures
  A quokka (D:1)
  A bat (D:1)
  A kobold (D:1)
  A rat (D:1)
4 creatures vanquished.

Notes
Turn   | Place    | Note
-------+----------+-------------------------------------------
     0 | D:1      | Decritt the Gnoll Wanderer began the quest for the Orb.
     0 | D:1      | Decritt set off with the following items: a +0
                  | quarterstaff, a +0 pair of gloves, a scroll of fog, a +0
                  | robe; and the following spell memorised: Shock; and the
                  | following spells available to memorise: Static Discharge,
                  | Cigotuvi's Dreadful Rot.
     0 | D:1      | Reached XP level 1. HP: 17/17 MP: 4/4
   213 | D:1      | Quit the game

Illustrated notes

Levels and vault maps discovered:
D:1:      ncdulo_watergridlock, layout_basic, ebering_ecumenical_altar_hall,
          minivault_25, nicolae_wormholes

Action                   || total
-------------------------++-------
Melee: Quarterstaff      ||     8
 Cast: Shock             ||    14
 Stab: Sleeping          ||     1
Dodge: Dodged            ||     2

Table legend: (Time is in decaauts)
 A = Elapsed time spent in this place.
 B = Non-inter-level travel time spent in this place.
 C = Inter-level travel time spent in this place.
 D = Time resting spent in this place.
 E = Time spent auto-exploring this place.
 F = Levels seen in this place.
 G = Mean time per level.
                   A        B        C        D        E       F      G
               +--------+--------+--------+--------+--------+-----+--------+
         Total |    214 |    214 |      0 |      2 |    128 |   1 |  214.0 |
       Dungeon |    214 |    214 |      0 |      2 |    128 |   1 |  214.0 |
               +--------+--------+--------+--------+--------+-----+--------+

Top non-repeatable levels by time:
     D:1: 214 daAuts
